 Dungeon Crawl Stone Soup version 0.28-a0-687-gb91baff9cc (webtiles) character file.

Game seed: 16840700137660363564

279 ragingrage the Ruffian (level 6, -1/51 HPs)
             Began as a Demonspawn Chaos Knight on Oct 20, 2021.
             Was a Plaything of Xom.
             Slain by an orc wizard (3 damage)
             ... on level 3 of the Dungeon.
             The game lasted 00:03:30 (3363 turns).

ragingrage the Ruffian (Demonspawn Chaos Knight)    Turns: 3363, Time: 00:03:31

Health: -1/51      AC:  5    Str: 14    XL:     6   Next: 5%
Magic:  6/6        EV: 11    Int: 13    God:    Xom [..*...]
Gold:   98         SH:  0    Dex: 13    Spells: 5/5 levels left

rFire   . . .      SeeInvis .   c - +0 spear (chaos)
rCold   . . .      Faith    .   (no shield)
rNeg    . . .      Spirit   .   b - +2 leather armour
rPois   .          Reflect  .   n - +2 hat
rElec   .          Harm     .   (no cloak)
rCorr   .          Rampage  .   (no gloves)
Will    .....                   (no boots)
Stlth   +.........              (no amulet)
HPRegen 0.17/turn               o - ring of flight
MPRegen 0.10/turn               (no ring)

@: flying, unable to read
A: claws 2, hooves 1, horns 1, deformed body, robust 1, inability to read while
threatened
a: Renounce Religion


You were on level 3 of the Dungeon.
You worshipped Xom.
You were a toy of Xom.
You visited 1 branch of the dungeon, and saw 3 of its levels.

You collected 98 gold pieces.

Inventory:

Hand Weapons
 c - a +0 spear of chaos (weapon)
Missiles
 q - 5 poisoned darts (quivered)
Armour
 b - a +2 leather armour (worn)
 n - a +2 hat (worn)
Jewellery
 o - a ring of flight (left claw)
Scrolls
 a - a scroll of acquirement {unknown}
 e - a scroll of fog {unknown}
 h - a scroll of teleportation {unknown}
 i - a scroll of amnesia {unknown}
 j - 3 scrolls of identify {unknown}
 k - a scroll of noise {unknown}
 l - a scroll of vulnerability {unknown}
 p - a scroll of magic mapping {unknown}
Potions
 d - a potion of resistance {unknown}
 f - a potion of heal wounds {unknown}
 g - a potion of ambrosia
 m - a potion of lignification {unknown}
 r - 2 potions of mutation {unknown}


   Skills:
 - Level 3.1 Fighting
 - Level 2.8 Polearms
 - Level 2.0 Armour
 - Level 1.2 Dodging
 * Level 5.0 Unarmed Combat


You had 5 spell levels left.
You didn't know any spells.
Your spell library contained the following spells:

 Spells                   Type           Power      Damage    Failure   Level
 Slow                     Hex            0%         N/A       50%         2
 Confusing Touch          Hex            0%         N/A       75%         3
 Vampiric Draining        Necr           0%         2d6       75%         3


Dungeon Overview and Level Annotations

Branches:
Dungeon (3/15)

Altars:

Shops:
D:2 =


Innate Abilities, Weirdness & Mutations

You have very sharp fingernails.
You have large cloven feet.
You have a pair of small horns on your head.
Armour fits poorly on your strangely shaped body.
You are robust. (+10% HP)
You sometimes lose the ability to read scrolls when taking damage.


Message History

Unknown command.
You bump into the rock wall.
Something hits you.
* * * LOW HITPOINT WARNING * * *
You completely miss something. Your headbutt misses something.
Something hits you.
* * * LOW HITPOINT WARNING * * *
You hit something but do no damage. Your kick misses something.
Your headbutt misses something. Something barely misses you.
You miss something. Your kick misses something.
You feel less invigorated.
You feel less confused. Something hits you but does no damage.
You miss something. Your kick misses something. You headbutt something.
You hear some strange, mumbled words.
Something tries to affect you, but you resist.
You hit something. You headbutt something.
Something hits you but does no damage.
You barely miss the orc. Your headbutt misses the orc.
You closely miss the orc. Your headbutt misses the orc. The orc misses you.
You hit the orc but do no damage.
The orc suddenly seems more agile.
You kick the orc.
The orc is moderately wounded.
The orc hits you but does no damage.
You hit the orc. You drain the orc.
You kill the orc!
You hear a shout!
Something hits you.
You closely miss something. You headbutt something. Something hits you.
You closely miss something. You kick something. Something hits you.
* * * LOW HITPOINT WARNING * * *
Something hits you.
* * * LOW HITPOINT WARNING * * *
You hit something.
Nothing appears to happen.
You kick something. Your headbutt misses something.
Something hits you but does no damage.
You closely miss something. Something hits you.
* * * LOW HITPOINT WARNING * * *
Something hits you.
* * * LOW HITPOINT WARNING * * *
You hit something. Your kick misses something. Something hits you.
You die... "What!?
That's it?"

#.# ###.# ....#
##### #########
#....oo{. #.#
########.########.#
#........){@.......
#.######.##########
####.# #.# #....#
#.# #.#### #.# #.#
#.# #.# #.# #.# #.#
###.#


There were no monsters in sight!

Vanquished Creatures
  A black bear (shapeshifter) (D:2)
  An orc priest (D:3)
  3 gnolls (D:2)
  5 adders
  A worm (D:3)
  2 dart slugs (D:1)
  12 orcs (D:3)
  4 endoplasms
  A giant cockroach (D:3)
  4 goblins
  4 hobgoblins
  5 jackals (D:1)
  8 ball pythons
  8 bats
  5 frilled lizards
  8 kobolds
  5 rats
77 creatures vanquished.

Notes
Turn   | Place    | Note
-------+----------+-------------------------------------------
     0 | D:1      | ragingrage the Demonspawn Chaos Knight began the quest for
                  | the Orb.
     0 | D:1      | Reached XP level 1. HP: 18/18 MP: 1/1
    21 | D:1      | XOM: divination: detect creatures
    36 | D:1      | Reached skill level 1 in Dodging
    51 | D:1      | Discovered your monstrous ancestry.
    51 | D:1      | Gained mutation: You have sharp fingernails. [demonic
                  | ancestry]
    51 | D:1      | Reached XP level 2. HP: 13/24 MP: 2/2
    52 | D:1      | XOM: divination: detect creatures
   523 | D:1      | Reached skill level 1 in Unarmed Combat
   605 | D:1      | XOM: god gift: staff of poison
   778 | D:1      | XOM: scenery: summon butterflies
   960 | D:1      | XOM: destruction
  1027 | D:1      | Gained mutation: You have large cloven feet. [demonic
                  | ancestry]
  1027 | D:1      | Reached XP level 3. HP: 29/29 MP: 3/3
  1147 | D:2      | Reached skill level 2 in Unarmed Combat
  1238 | D:2      | Gained mutation: You have very sharp fingernails. [demonic
                  | ancestry]
  1238 | D:2      | Reached XP level 4. HP: 22/35 MP: 4/4
  1271 | D:2      | XOM: silly message
  1389 | D:2      | Found a faded altar of an unknown god.
  1406 | D:2      | XOM: 2-stop teleportation journey
  1591 | D:2      | XOM: enchant monster (bad)
  1619 | D:2      | XOM: divination: magic mapping
  1623 | D:2      | XOM: chaos upgrade
  1624 | D:2      | Reached skill level 3 in Unarmed Combat
  1631 | D:2      | Found Yckiywir's Jewellery Shoppe.
  1637 | D:2      | XOM: 2-stop teleportation journey
  1773 | D:2      | XOM: give mutations
  1773 | D:2      | Gained mutation: You sometimes lose the ability to read
                  | scrolls when taking damage. [Xom's mischief]
  1773 | D:2      | Gained mutation: Armour fits poorly on your strangely
                  | shaped body. [Xom's mischief]
  1773 | D:2      | Gained mutation: You are robust. (+10% HP) [Xom's mischief]
  1981 | D:2      | Noticed a shapeshifter
  1981 | D:2      | XOM: polymorph something unseen -> shapeshifter
  1981 | D:2      | Noticed a black bear
  1981 | D:2      | a shapeshifter changed into a black bear
  1989 | D:2      | Killed a black bear
  1990 | D:2      | Reached skill level 4 in Unarmed Combat
  1990 | D:2      | Gained mutation: You have a pair of small horns on your
                  | head. [demonic ancestry]
  1990 | D:2      | Reached XP level 5. HP: 17/45 MP: 5/5
  2601 | D:3      | XOM: cast spell 'Call Canine Familiar'
  3280 | D:3      | XOM: noise
  3346 | D:3      | HP: 2/45 [something/puff of flame (9)]
  3347 | D:3      | Reached skill level 5 in Unarmed Combat
  3347 | D:3      | Reached XP level 6. HP: 3/51 MP: 3/6
  3362 | D:3      | HP: 2/51 [something (2)]
  3363 | D:3      | Slain by an orc wizard

Illustrated notes

Levels and vault maps discovered:
D:1:      tarquinn_simple_flora_water_d, layout_loops_ring, minivault_14
D:2:      layout_rooms, serial_shops, nicolae_square_shop,
          shapermc_ecumenical_altar_ellora, minmay_pentomino_t4
D:3:      layout_basic

Skill      XL: |  1  2  3  4  5 |
---------------+----------------+-----
Dodging        | 1 |  1.2
Armour         | 2 |  2.0
Unarmed Combat | 1 2 4 5 |  5.0
Fighting       | |  3.1
Polearms       | |  2.8

Action                   |  1- 3 |  4- 6 || total
-------------------------+-------+-------++-------
Melee: Spear             |   142 |   140 ||   282
       Kick              |     3 |    34 ||    37
       Punch             |       |     3 ||     3
       Headbutt          |       |     8 ||     8
  Use: Potion            |       |     1 ||     1
 Stab: Paralysed         |       |     2 ||     2
       Distracted        |       |     1 ||     1
Armor: Leather armour    |    58 |    27 ||    85
Dodge: Dodged            |    99 |    39 ||   138

Table legend: (Time is in decaauts)
 A = Elapsed time spent in this place.
 B = Non-inter-level travel time spent in this place.
 C = Inter-level travel time spent in this place.
 D = Time resting spent in this place.
 E = Time spent auto-exploring this place.
 F = Levels seen in this place.
 G = Mean time per level.
                   A        B        C        D        E       F      G
               +--------+--------+--------+--------+--------+-----+--------+
         Total |   3356 |   3255 |    101 |    408 |   2328 |   3 | 1118.7 |
       Dungeon |   3356 |   3255 |    101 |    408 |   2328 |   3 | 1118.7 |
               +--------+--------+--------+--------+--------+-----+--------+

Top non-repeatable levels by time:
     D:2: 1219 daAuts
     D:1: 1135 daAuts
     D:3: 1001 daAuts
